 Dungeon Crawl Stone Soup version 0.19-a0-1291-gc8f5409 (webtiles) character file.

655 Ellandar the Slasher (level 7, -5/54 HPs)
             Began as a Minotaur Fighter on Aug 30, 2016.
             Was a Follower of Hepliaklqana.
             Killed by divine providence
             ... invoked by an orc priest
              (17 damage)
             ... on level 4 of the Dungeon.
             The game lasted 00:15:41 (3224 turns).

Ellandar the Slasher (Minotaur Fighter)             Turns: 3224, Time: 00:15:41

Health: -5/54      AC:  8    Str: 21    XL:     7   Next: 29%
Magic:  7/7        EV:  9    Int:  8    God:    Hepliaklqana [*.....]
Gold:   185        SH: 10    Dex: 11    Spells: 0 memorised, 6 levels left

rFire  . . .     SeeInvis .     a - +0 long sword
rCold  . . .     Gourm    .     b - +0 scale mail
rNeg   . . .     Faith    .     c - +0 shield
rPois  +         Spirit   .     (helmet restricted)
rElec  .         Dismiss  .     x - +0 cloak {+Inv}
rCorr  .         Reflect  .     (no gloves)
MR     .....     Harm     .     (no boots)
Stlth  ..........               (no amulet)
                                p - +3 ring of intelligence
                                g - ring of poison resistance

@: no status effects
A: retaliatory headbutt, horns 2
a: Recall Ancestor, Ancestor Identity, Renounce Religion, Evoke Invisibility


You were on level 4 of the Dungeon.
You worshipped Hepliaklqana.
Hepliaklqana was aware of your devotion.
You were not hungry.

You visited 1 branch of the dungeon, and saw 4 of its levels.

You collected 185 gold pieces.

Inventory:

Hand Weapons
 a - a +0 long sword (weapon)
Armour
 b - a +0 scale mail (worn)
 c - a +0 shield (worn)
 x - a +0 cloak of invisibility (worn)
Jewellery
 g - a ring of poison resistance (left hand)
 p - a +3 ring of intelligence (right hand)
 y - a +5 ring of dexterity {unknown}
Wands
 E - a wand of paralysis (15/24)
 F - a wand of acid (7/15)
Scrolls
 e - 3 scrolls of blinking {unknown}
 h - 2 scrolls of identify {unknown}
 k - 2 scrolls of teleportation {unknown}
 l - a scroll of enchant weapon {unknown}
 m - 3 scrolls of magic mapping {unknown}
 o - a scroll of fog {unknown}
 r - 2 scrolls of remove curse {unknown}
 t - a scroll of noise {unknown}
 v - a scroll of fear {unknown}
Potions
 d - 2 potions of might
 i - 2 potions of curing
 j - a potion of beneficial mutation {unknown}
 n - a potion of ambrosia {unknown}
 q - a potion of invisibility {unknown}
 s - a potion of lignification {unknown}
 w - 2 potions of cure mutation {unknown}
 z - a potion of heal wounds {unknown}
 A - a potion of haste {unknown}
Books
 D - a book of Cantrips

   Spells                             Type                      Level
   a - Confusing Touch                Hexes                        1
   b - Animate Skeleton               Necromancy                   1
   c - Summon Small Mammal            Summoning                    1
   d - Apportation                    Translocation                1
Comestibles
 f - 2 bread rations
 u - 3 meat rations
 B - 3 beef jerkies
 C - 4 chunks of flesh


   Skills:
 + Level 5.4 Fighting
 * Level 5.4 Long Blades
 + Level 5.0 Armour
 + Level 3.4 Dodging
 + Level 5.1 Shields
 + Level 1.7 Evocations


You had 6 spell levels left.
You didn't know any spells.

Dungeon Overview and Level Annotations

Branches:
Dungeon (4/15)
 Temple: D:4-7

Altars:
Hepliaklqana
Okawaru
Ru
Sif Muna


Innate Abilities, Weirdness & Mutations

You reflexively headbutt those who attack you in melee.
You have a pair of horns on your head.


Message History

The orc wizard casts a spell at you. You resist with some effort.
Your shield and scale mail prevent you from hitting the ogre.
The ogre is heavily wounded.
The orc wizard barely misses you. You furiously retaliate!
You headbutt the orc wizard, but do no damage.
The orc hits you with a war axe. The ogre hits you with a giant club!!
You hit the ogre.
The ogre is severely wounded.
The orc wizard hits you but does no damage.
You block the orc wizard's attack. The orc hits you but does no damage.
The ogre hits you with a giant club!!
* * * LOW HITPOINT WARNING * * *
You block the orc's attack.
The orc wizard hits you but does no damage.
You feel better. The orc wizard hits you with a dagger.
* * * LOW HITPOINT WARNING * * *
The orc priest calls down the wrath of Beogh upon you.
Beogh smites you!
You die...

##.#.# #...#..## #...#
##......#.# ##..## ##..(.....#
#...# #...##...... #.#.#
###...##...##. ### #.#.#
#.........## .. #.#.#
#.....###.. #. #...####O....# ##
##...#o)o@...# #.
#########....#.o...# # .
............##†....# #.#.
.......o#..O.#.....# #...
........##R#....<..# #...
........##.##.#..### #. #..#
.....oO.......#..# #..# ##.#.
.....oR.........## #.####..#.
.......o..>.....#######.........


You could see an ogre, an orc priest, an orc wizard and an orc.

Vanquished Creatures
  An ogre (D:4)
  A hound (D:4)
  An orc priest (D:3)
  2 orc wizards
  Crazy Yiuf (D:2)
  Ijyb (D:2)
  A worker ant (D:4)
  Robin (D:2)
  4 adders
  A shadow imp (D:4)
  An ooze (D:4)
  An adder skeleton (D:4)
  3 dart slugs
  2 giant geckos
  5 orcs
  2 ball pythons
  8 giant cockroaches
  12 goblins
  11 hobgoblins
  5 jackals
  13 kobolds
  A quokka (D:2)
  4 bats
  9 giant newts
  7 rats
98 creatures vanquished.

Vanquished Creatures (collateral kills)
  Grinder (D:3)
  A worker ant (D:4)
  An adder (D:4)
  An adder skeleton (D:4)
4 creatures vanquished.

Vanquished Creatures (others)
  2 ancestors (D:4)
2 creatures vanquished.

Grand Total: 104 creatures vanquished

Notes
Turn   | Place    | Note
-------+----------+-------------------------------------------
     0 | D:1      | Ellandar the Minotaur Fighter began the quest for the Orb.
     0 | D:1      | Reached XP level 1. HP: 19/19 MP: 0/0
   152 | D:1      | Reached XP level 2. HP: 16/27 MP: 1/1
   378 | D:1      | Reached skill level 1 in Dodging
   515 | D:1      | Reached XP level 3. HP: 33/33 MP: 2/2
   740 | D:2      | Noticed Ijyb
   748 | D:2      | Killed Ijyb
   748 | D:2      | Reached XP level 4. HP: 40/40 MP: 3/3
   847 | D:2      | Noticed Robin
   869 | D:2      | Killed Robin
   931 | D:2      | Found a deep blue altar of Sif Muna.
  1013 | D:2      | Found a hazy altar of Hepliaklqana.
  1227 | D:2      | Found a runed door.
  1545 | D:2      | Noticed Crazy Yiuf
  1549 | D:2      | Killed Crazy Yiuf
  1549 | D:2      | Reached XP level 5. HP: 42/47 MP: 4/4
  1618 | D:3      | Noticed Grinder
  1628 | D:3      | Paralysed by Grinder for 3 turns
  1637 | D:3      | Paralysed by Grinder for 3 turns
  2003 | D:3      | HP: 1/47 [orc priest/divine providence (10)]
  2307 | D:2      | Found a sacrificial altar of Ru.
  2318 | D:2      | Became a worshipper of Hepliaklqana
  2384 | D:3      | Found an iron altar of Okawaru.
  2564 | D:3      | Paralysed by Grinder for 5 turns
  2569 | D:3      | Killed Grinder
  2569 | D:3      | Reached skill level 5 in Long Blades
  2569 | D:3      | Reached skill level 1 in Evocations
  2569 | D:3      | Reached XP level 6. HP: 30/49 MP: 5/5
  2914 | D:4      | Reached * piety under Hepliaklqana
  2927 | D:4      | Reached skill level 5 in Fighting
  2961 | D:4      | Reached skill level 5 in Shields
  3023 | D:4      | Reached XP level 7. HP: 54/54 MP: 7/7
  3211 | D:4      | Reached skill level 5 in Armour
  3224 | D:4      | Killed from afar by an orc priest

Vault maps used:
D:1:      dpeg_arrival_rooms_c, minmay_lizard_king
D:2:      lemuel_doored_altar, nicolae_overflow_hidden_temple, serial_glass,
          glass_columns_b, glass_columns_a, glass_columns_c, glass_columns_a,
          minmay_heptomino_d4, uniq_iyjb, uniq_crazy_yiuf_cottage, uniq_robin
D:3:      first_bread, okawaru_altar_gauntlet_db, uniq_grinder
D:4:      minmay_fountain_box

Skill      XL: |  1  2  3  4  5  6  7 |
---------------+----------------------+-----
Armour         | 4 5 |  5.0
Dodging        | 1 2 3 |  3.4
Fighting       | 4 5 |  5.4
Long Blades    | 3 5 |  5.4
Shields        | 4 5 |  5.1
Evocations     | 1 |  1.7

Action                   |  1- 3 |  4- 6 |  7- 9 || total
-------------------------+-------+-------+-------++-------
Melee: Long sword        |    96 |   170 |    40 ||   306
       Headbutt          |    13 |    20 |     7 ||    40
Invok: Ancestor Identity |       |       |     2 ||     2
  Use: Potion            |       |     1 |     1 ||     2
  Eat: Chunk             |       |     6 |       ||     6
       Pizza             |       |     1 |       ||     1
Armor: Scale mail        |    40 |    57 |    11 ||   108
Dodge: Dodged            |    20 |    61 |    17 ||    98
Block: Shield            |    41 |   100 |    17 ||   158
